 Dungeon Crawl Stone Soup version 0.17.1-3-g152610e (webtiles) character file.

183182 Ponchio the Warrior (level 18, -36/124 HPs)
             Began as a Gargoyle Fighter on Mar 5, 2016.
             Was the Champion of Qazlal.
             Blown up by an orb spider (44 damage)
             ... with an orb of destruction
             ... on level 1 of the Spider Nest on Mar 6, 2016.
             The game lasted 03:56:38 (26803 turns).

Ponchio the Warrior (Gargoyle Fighter)             Turns: 26803, Time: 03:56:38

Health: -36/124    AC: 26    Str: 25    XL:     18   Next: 36%
Magic:  18/18      EV: 22    Int: 11    God:    Qazlal [******]
Gold:   361        SH:  8    Dex: 20    Spells: 0 memorised, 17 levels left

rFire  + . .     SeeInvis .     A - +7 battleaxe of Fee Simple {vamp, rElec rPois Str+4}
rCold  . . .     Clarity  .     M - +3 ring mail {rF+}
rNeg   + + .     SustAt   .     (shield currently unavailable)
rPois  ∞         Gourm    +     S - -2 helmet of Complete Protection {+Inv rN+ Dex+3}
rElec  +         Spirit   .     B - +2 cloak {+Inv}
rCorr  .         Warding  .     f - +0 pair of gloves {Dex+3}
rMut   .         Stasis   .     (no boots)
MR     ++...                    u - amulet of the gourmand
Stlth  +.........               K - +3 ring of evasion
                                y - ring of protection from magic

@: flying, repel missiles, very resistant to hostile enchantments, very
unstealthy
A: big wings, negative energy resistance 1, electricity resistance, unbreathing,
petrification resistance, rot immunity, AC +13
a: Stop Flying, Upheaval, Elemental Force, Disaster Area, Renounce Religion,
Evoke Invisibility


You were on level 1 of the Spider Nest.
You worshipped Qazlal.
Qazlal was exalted by your worship.
You were completely stuffed.

You visited 7 branches of the dungeon, and saw 33 of its levels.
You also visited: Ossuary.

You collected 3297 gold pieces.
You spent 2936 gold pieces at shops.

Inventory:

Hand Weapons
 a - a +3 dire flail of holy wrath
 A - the +7 battleaxe of Fee Simple (weapon) {vamp, rElec rPois Str+4}
   (You found it on level 7 of the Dungeon)

   It inflicts no extra harm, but heals its wielder somewhat when it strikes a
   living foe.
   It affects your strength (+4).
   It insulates you from electricity.
   It protects you from poison.
 T - the +11 flail of Resourcefulness {antimagic, *Rage rElec rN+ Str+5}
   (You bought it in a shop on level 1 of the Elven Halls)

   It disrupts the flow of magical energy around spellcasters and certain
   magical creatures (including the wielder).
   It affects your strength (+5).
   It insulates you from electricity.
   It protects you from negative energy.
   It may make you go berserk in combat.
Armour
 f - a +0 pair of gloves of dexterity (worn)
 B - a +2 cloak of invisibility (worn)
 I - a +2 helmet of see invisible
 M - a +3 ring mail of fire resistance (worn)
 S - the -2 helmet of Complete Protection (worn) {+Inv rN+ Dex+3}
   (You found it on level 1 of the Elven Halls)

   It affects your dexterity (+3).
   It protects you from negative energy.
   It lets you turn invisible.
Jewellery
 g - an uncursed ring of positive energy
 k - an uncursed ring of sustain attributes
 u - an amulet of the gourmand (around neck)
 y - a ring of protection from magic (left hand)
 K - a +3 ring of evasion (right hand)
 R - an uncursed ring of protection from magic
Wands
 c - a wand of hasting (7)
 h - a wand of digging (14)
 p - a wand of cold (11)
 E - a wand of fire (3)
 F - a wand of heal wounds (2)
 P - a wand of frost (24)
Scrolls
 l - 3 scrolls of blinking
 m - a scroll of holy word
 q - 2 scrolls of recharging
 r - 18 scrolls of teleportation
 s - 8 scrolls of remove curse
 G - 9 scrolls of identify
 N - 7 scrolls of fear
 W - 3 scrolls of magic mapping
Potions
 d - 2 potions of might
 n - 6 potions of cancellation
 z - 3 potions of berserk rage
 D - 7 potions of curing
 L - 2 potions of resistance
 O - 3 potions of agility
 Q - a potion of ambrosia
Miscellaneous
 b - a phantom mirror
Comestibles
 e - 2 bread rations
 i - 8 meat rations
 J - a royal jelly
 X - a beef jerky


   Skills:
 + Level 17.2 Fighting
 + Level 15.1(15.8) Axes
 - Level 9.3(13.8) Maces & Flails
 - Level 6.0 Armour
 + Level 15.0 Dodging
   Level 3.2 Shields


You had 17 spell levels left.
You didn't know any spells.

Dungeon Overview and Level Annotations

Branches:
Dungeon (12/15)            Temple (1/1) D:5            Lair (8/8) D:11
  Swamp (4/4) Lair:4       Spider (1/4) Lair:3        Slime (0/6) Lair:6
    Orc (4/4) D:12            Elf (3/3) Orc:3

Altars:
Ashenzari
Cheibriados
Dithmenos
Elyvilon
Fedhas
Gozag
Kikubaaqudgha
Makhleb
Nemelex Xobeh
Okawaru
Qazlal
Ru
Sif Muna
Trog
Vehumet
Xom
Yredelemnul
Zin
The Shining One
Beogh

Shops:
D:7 *   D:8 *[?*   D:12 *   Orc:4 [?}?   Elf:1 ([[

Portals:
Trove: D:12 (give 21 scrolls of identify)


Innate Abilities, Weirdness & Mutations

You are resistant to torment.
Your stone body is resilient (AC +13).
You are immune to poison.
Your large and strong wings let you fly indefinitely.
You resist negative energy.
You are resistant to electric shocks.
You can survive without breathing.
You are immune to petrification.
You are immune to rotting.


Message History

You feel much better.
This wand has 2 charges left.
You hear an angry buzzing noise.
The orb of destruction hits you!
* * * LOW HITPOINT WARNING * * *
The jumping spider is engulfed in freezing vapours.
You block the jumping spider's attack.
The jumping spider completely misses you.
The jumping spider is engulfed in freezing vapours.
The jumping spider leaps!
The orb spider is engulfed in freezing vapours.
The hornet completely misses you.
The jumping spider leaps!
You hear an angry hiss. x2
The orb spider pulsates with a strange energy.
You hear an angry hiss.
The jumping spider leaps! x2
The hornet completely misses you.
The jumping spider leaps!
There is a crawl-hole back to the Lair here.
You hear an angry hiss.
The orb of destruction hits you!
You die...

###### ## ####
#...≈≈##.##..≈#
#.......≈.≈?.
#..........#
#..........###
##.....s§....≈# #
##....s§.§...###≈#
#......§§@§....#≈#
≈.....§§sy..s..≈#
#....§.§.§.....#≈#
....§§.....§...##
....§..§.§.§(...#
.............#.##
.....§......†###
.....§.....†..#
.......§.....##


You could see a hornet, 3 orb spiders and a redback.

Vanquished Creatures
  A deep elf blademaster (Elf:2)
  Kirke (Lair:4)
  A thorn hunter (Swamp:3)
  Wiglaf (Elf:2)
  The ghost of trgk the Spear-Bearer, a journeyman MiFi of Cheibriados (Spider:1)
  Snorg (Lair:6)
  Erolcha (D:9)
  2 ghost crabs
  The ghost of Name63 the Destroyer, a journeyman GrWz of Vehumet (Lair:3)
  20 hydras
  Erica (Lair:1)
  13 dancing weapons (Elf:2)
  2 death yaks (D:11)
  2 ogre magi (Orc:4)
  6 alligators
  A queen ant (Lair:3)
  A spriggan berserker (Swamp:2)
  16 spriggans
  A fire crab (shapeshifter) (Elf:2)
  4 skeletal warriors (D:11)
  16 deep elf knights
  A swamp dragon (shapeshifter) (Elf:3)
  An unseen horror (D:12)
  7 swamp dragons
  3 deep elf summoners (Elf:2)
  Pikel (D:4)
  2 hill giants
  9 deep elf conjurers
  9 orc sorcerers
  A griffon (Lair:4)
  3 cyclopes
  A cyclops (shapeshifter) (Elf:2)
  5 wolf spiders (Spider:1)
  6 black mambas
  A hornet (Swamp:3)
  20 elephants
  A torpor snail (Lair:7)
  12 spiny frogs
  5 komodo dragons
  5 deep elf priests
  4 spriggan druids
  21 blink frogs
  A troll (D:10)
  4 fire drakes
  4 jumping spiders
  A fire drake (shapeshifter) (Elf:2)
  11 polar bears
  Prince Ribbit (D:5)
  3 giant leeches
  9 bog bodies
  3 tarantellas (Spider:1)
  9 slime creatures
  Sigmund (D:3)
  11 redbacks
  4 wyverns
  2 trapdoor spiders
  A human (Lair:5)
  6 basilisks
  3 shadows (Swamp:2)
  A wraith (D:11)
  The ghost of Sanvar the Ruffian, an amateur DrMo (D:3)
  15 deep elf magi
  4 hogs (Lair:4)
  6 vampire mosquitoes
  A hungry ghost (D:8)
  A mottled dragon (D:12)
  4 wargs
  10 hippogriffs
  49 yaks
  31 wolves
  17 deep elf fighters
  5 porcupines
  9 insubstantial wisps
  14 swamp worms
  6 soldier ants (Lair:3)
  19 water moccasins
  6 swamp drakes
  6 spiders
  2 phantoms
  6 wasps
  13 ice beasts
  2 sky beasts
  2 eyes of draining
  7 black bears
  14 orc warriors
  14 ogres
  2 necrophages
  17 crocodiles
  8 centaurs
  16 giant frogs
  A wyvern zombie (D:7)
  3 scorpions
  A wyvern skeleton (D:10)
  A water moccasin skeleton (D:9)
  2 electric eels
  10 wights
  2 crimson imps
  A lava snake (D:8)
  7 killer bees (D:8)
  20 orc priests
  A centaur zombie (D:11)
  A gnoll shaman (D:3)
  A human zombie (Ossuary)
  5 hounds
  Crazy Yiuf (D:2)
  5 giant frog skeletons
  Ijyb (D:2)
  4 centaur skeletons
  18 iguanas
  27 orc wizards
  7 jellies
  A quasit (D:8)
  26 worker ants
  8 sheep (Lair:4)
  A big kobold zombie (Ossuary)
  2 hound zombies
  A hound skeleton (D:9)
  4 mummies (Ossuary)
  2 worker ant zombies
  Robin (D:3)
  15 adders
  19 gnolls
  2 shadow imps
  93 river rats
  3 oozes
  2 adder zombies
  6 worms
  9 giant geckos
  139 orcs
  2 gnoll zombies (Ossuary)
  9 hobgoblins
  3 jackals (D:5)
  2 quokkas
  3 ball pythons
  13 bats
  5 giant cockroaches
  2 giant gecko skeletons (D:4)
  A giant gecko zombie (D:7)
  7 giant newts
  14 goblins
  A goblin zombie (Ossuary)
  A hobgoblin zombie (Ossuary)
  A jackal skeleton (D:5)
  A jackal zombie (Ossuary)
  8 kobolds
  2 kobold zombies (Ossuary)
  An orc zombie (Ossuary)
  A quokka zombie (D:5)
  11 rats
  A briar patch (Swamp:3)
  3 bushes
  2 butterflies
  57 fungi
  74 plants
1271 creatures vanquished.

Vanquished Creatures (others)
  2 slime creatures (Swamp:1)
  A deep elf mage (Elf:1)
  2 spriggans (Swamp:2)
  A human (Lair:5)
  2 yaks
  A wolf (Lair:3)
  An orc warrior (D:6)
  A sky beast (D:6)
  2 orc wizards (Orc:4)
  A hound skeleton (D:6)
  A river rat (Lair:6)
  A worm (D:6)
  A giant gecko (D:6)
  An orc (D:6)
  A giant cockroach (D:4)
  A quokka (D:6)
  3 briar patches (Swamp:4)
  20 fungi
  21 plants
64 creatures vanquished.

Grand Total: 1335 creatures vanquished

Notes
Turn   | Place    | Note
--------------------------------------------------------------
     0 | D:1      | Ponchio the Gargoyle Fighter began the quest for the Orb.
     0 | D:1      | Reached XP level 1. HP: 14/14 MP: 1/1
   276 | D:1      | Reached XP level 2. HP: 19/19 MP: 2/2
   534 | D:1      | Reached skill level 4 in Fighting
   749 | D:1      | Reached XP level 3. HP: 21/24 MP: 3/3
   778 | D:2      | Noticed Ijyb
   812 | D:2      | Killed Ijyb
   834 | D:2      | Reached XP level 4. HP: 22/30 MP: 4/4
  1193 | D:2      | Found a blossoming altar of Fedhas.
  1194 | D:2      | Found an iron altar of Okawaru.
  1349 | D:2      | Noticed Crazy Yiuf
  1365 | D:2      | HP: 1/30 [Crazy Yiuf/quarterstaff of chaos (2)]
  1368 | D:2      | Killed Crazy Yiuf
  1368 | D:2      | Reached skill level 5 in Fighting
  1368 | D:2      | Reached XP level 5. HP: 1/35 MP: 5/5
  1743 | D:2      | Found a deep blue altar of Sif Muna.
  2129 | D:3      | Found a faded altar to an unknown god.
  2186 | D:3      | Noticed Sanvar's ghost (amateur DrMo)
  2211 | D:3      | Killed Sanvar's ghost
  2211 | D:3      | Reached skill level 6 in Fighting
  2211 | D:3      | Reached XP level 6. HP: 17/41 MP: 6/6
  2461 | D:3      | Noticed Robin
  2473 | D:3      | Killed Robin
  2516 | D:3      | Noticed Sigmund
  2538 | D:3      | Killed Sigmund
  2538 | D:3      | Reached skill level 5 in Maces & Flails
  2538 | D:3      | Reached XP level 7. HP: 17/47 MP: 7/7
  2989 | D:4      | Reached skill level 7 in Fighting
  3010 | D:4      | Noticed Pikel
  3057 | D:4      | Killed Pikel
  3057 | D:4      | Reached skill level 8 in Fighting
  3057 | D:4      | Reached XP level 8. HP: 48/54 MP: 8/8
  3521 | D:5      | Entered Level 5 of the Dungeon
  3534 | D:5      | Reached skill level 9 in Fighting
  3666 | D:5      | Found a staircase to the Ecumenical Temple.
  3668 | D:5      | Noticed Prince Ribbit
  3675 | D:5      | Found a shattered altar of Ashenzari.
  3696 | D:5      | Killed Prince Ribbit
  3696 | D:5      | Reached XP level 9. HP: 33/62 MP: 9/9
  3795 | D:5      | Reached skill level 10 in Fighting
  3898 | D:5      | Found a sand-covered staircase.
  3903 | Ossuary  | Entered an ossuary
  4026 | Ossuary  | Identified 2 scrolls of acquirement
  4364 | Temple   | Entered the Ecumenical Temple
  4368 | Temple   | Became a worshipper of Qazlal Stormbringer
  4677 | D:5      | Found a glowing golden altar of the Shining One.
  4707 | D:5      | Found a basalt altar of Yredelemnul.
  4896 | D:5      | Noticed an angel
  4978 | D:6      | Found a shimmering altar of Xom.
  5724 | D:7      | Reached skill level 1 in Dodging
  5781 | D:7      | Got a shimmering battleaxe
  5785 | D:7      | Identified the +7 battleaxe of Fee Simple {vamp, rElec rPois Str+4} (You found it on level 7 of the Dungeon)
  5849 | D:7      | Reached * piety under Qazlal
  5849 | D:7      | Reached skill level 1 in Axes
  5886 | D:7      | Found Mesi's General Store.
  5950 | D:7      | Reached XP level 10. HP: 66/68 MP: 10/10
  6090 | D:7      | Got a translucent broad axe
  6250 | D:8      | Found a shadowy altar of Dithmenos.
  6268 | D:8      | Found a glowing silver altar of Zin.
  6271 | D:8      | Found Ojeiposk's Armour Shoppe.
  6307 | D:8      | Bought a +2 helmet of see invisible for 215 gold pieces
  6377 | D:8      | Reached skill level 5 in Axes
  6529 | D:8      | Reached ** piety under Qazlal
  6607 | D:8      | Found Loteras's Magic Scroll Boutique.
  6610 | D:8      | Bought a scroll of identify for 28 gold pieces
  6632 | D:8      | Found Adim's General Store.
  6650 | D:8      | Bought a +2 ring mail of fire resistance for 210 gold pieces
  6666 | D:8      | Found a radiant altar of Vehumet.
  6788 | D:8      | Found Bomeha's Assorted Antiques.
  6867 | D:8      | Found a blossoming altar of Fedhas.
  6955 | D:8      | Found a basalt altar of Yredelemnul.
  7022 | D:8      | Identified the cursed +0 broad axe of Diapies {drain, +Fly rElec} (You found it on level 7 of the Dungeon)
  7639 | D:9      | Identified the Catalogue of the Escort (You found it on level 9 of the Dungeon)
  7649 | D:9      | Got a heavy robe
  7675 | D:9      | Identified the cursed +0 robe "Vaquong" {Stlth+} (You found it on level 9 of the Dungeon)
  7796 | D:9      | Noticed Erolcha
  7800 | D:9      | Killed Erolcha
  7800 | D:9      | Reached XP level 11. HP: 70/73 MP: 11/11
  8075 | D:10     | Entered Level 10 of the Dungeon
  8152 | D:10     | Noticed a hill giant
  8159 | D:10     | Killed a hill giant
  8751 | D:11     | Reached *** piety under Qazlal
  8837 | D:11     | Noticed a death yak
  8837 | D:11     | Noticed a death yak
  8852 | D:11     | Killed a death yak
  8863 | D:11     | Killed a death yak
  8886 | D:11     | Found a staircase to the Lair.
  8941 | D:11     | Reached skill level 5 in Dodging
  8963 | D:11     | Noticed a skeletal warrior
  8966 | D:11     | Noticed a skeletal warrior
  8966 | D:11     | Noticed a skeletal warrior
  8967 | D:11     | Noticed a skeletal warrior
  8972 | D:11     | Killed a skeletal warrior
  8981 | D:11     | Killed a skeletal warrior
  8986 | D:11     | Killed a skeletal warrior
  8997 | D:11     | Killed a skeletal warrior
  9163 | D:11     | Reached XP level 12. HP: 73/79 MP: 12/12
  9512 | Lair:1   | Entered Level 1 of the Lair of Beasts
  9589 | Lair:1   | Reached **** piety under Qazlal
  9602 | Lair:1   | Noticed Erica
  9615 | Lair:1   | Killed Erica
 10287 | Lair:2   | Got an ancient chain mail
 10306 | Lair:1   | Identified the +8 chain mail of the Dwarven Hall {*Corrode rN+ Str+3 Dex+3} (You found it on level 2 of the Lair of Beasts)
 11067 | Lair:3   | Reached skill level 10 in Dodging
 11071 | Lair:3   | Reached ***** piety under Qazlal
 11094 | Lair:3   | Noticed Name63's ghost (journeyman GrWz)
 11118 | Lair:3   | Killed Name63's ghost
 11127 | Lair:3   | Reached skill level 11 in Dodging
 11350 | Lair:3   | Reached skill level 10 in Axes
 11350 | Lair:3   | Reached XP level 13. HP: 70/83 MP: 13/13
 11568 | Lair:3   | Found a hole to the Spider Nest.
 11704 | Lair:3   | Noticed a queen ant
 11727 | Lair:3   | Killed a queen ant
 12107 | Lair:4   | Found a staircase to the Swamp.
 12627 | Lair:4   | Reached skill level 12 in Fighting
 12806 | Lair:5   | Noticed Kirke
 12820 | Lair:4   | Killed Kirke
 12867 | Lair:5   | Reached ****** piety under Qazlal
 13353 | Lair:5   | Reached skill level 13 in Fighting
 13494 | Lair:5   | Gained mutation: Your large and strong wings let you fly indefinitely. [Gargoyle growth]
 13494 | Lair:5   | Reached XP level 14. HP: 94/94 MP: 14/14
 13502 | Lair:6   | Noticed Snorg
 13514 | Lair:6   | Killed Snorg
 13593 | Lair:6   | Found a staircase to the Slime Pits.
 14599 | Lair:7   | Reached skill level 14 in Fighting
 15578 | Lair:8   | Entered Level 8 of the Lair of Beasts
 15910 | Lair:8   | Reached skill level 15 in Fighting
 16054 | Lair:8   | Reached XP level 15. HP: 103/103 MP: 15/15
 17266 | D:7      | Bought a scroll of acquirement for 520 gold pieces
 17660 | Swamp:1  | Entered Level 1 of the Swamp
 18517 | Swamp:2  | Got an ancient battleaxe
 18518 | Swamp:2  | Identified the +9 battleaxe "Pinnekum" {venom, Int+4} (You found it on level 2 of the Swamp)
 19308 | Swamp:3  | Noticed a thorn hunter
 19321 | Swamp:3  | Killed a thorn hunter
 19344 | Swamp:3  | Found a frozen archway.
 19548 | Swamp:3  | Reached XP level 16. HP: 103/109 MP: 16/16
 20021 | Swamp:4  | Entered Level 4 of the Swamp
 20708 | Swamp:4  | Noticed a thorn hunter
 21085 | Spider:1 | Entered Level 1 of the Spider Nest
 21326 | Spider:1 | Reached skill level 5 in Armour
 21480 | D:12     | Found a portal to a secret trove of treasure.
 21609 | D:12     | Found Fenelav's General Store.
 21617 | D:12     | Bought a meat ration for 70 gold pieces
 21617 | D:12     | Bought a scroll of fear for 49 gold pieces
 21717 | D:12     | Found a staircase to the Orcish Mines.
 21873 | Orc:1    | Entered Level 1 of the Orcish Mines
 22293 | Orc:1    | Found a bloodstained altar of Trog.
 22871 | Orc:3    | Found a staircase to the Elven Halls.
 23454 | Orc:4    | Entered Level 4 of the Orcish Mines
 23552 | Orc:4    | Found a roughly hewn altar of Beogh.
 23866 | Orc:4    | Reached skill level 16 in Fighting
 23888 | Orc:4    | Found Wuphos's Antique Armour Shoppe.
 23916 | Orc:4    | Paralysed by an orc sorcerer for 4 turns
 23923 | Orc:4    | Found an ancient bone altar of Kikubaaqudgha.
 23974 | Orc:4    | Found a radiant altar of Vehumet.
 24110 | Orc:4    | Found a roughly hewn altar of Beogh.
 24110 | Orc:4    | Found Boygus's Gadget Shoppe.
 24123 | Orc:4    | Found Zerum's Magic Scroll Emporium.
 24154 | Orc:4    | Bought a scroll of holy word for 105 gold pieces
 24154 | Orc:4    | Bought a scroll of magic mapping for 49 gold pieces
 24154 | Orc:4    | Bought a scroll of identify for 28 gold pieces
 24155 | Orc:4    | Found Vason's Magic Scroll Shoppe.
 24169 | Orc:4    | Bought a wand of heal wounds (6) for 840 gold pieces
 24340 | Orc:4    | Bought an ichor-stained scale mail for 243 gold pieces
 24350 | Orc:4    | Identified the +4 scale mail of Boiling Hail {Int+4} (You bought it in a shop on level 4 of the Orcish Mines)
 24629 | Elf:1    | Entered Level 1 of the Elven Halls
 24744 | Elf:1    | Got a faintly glowing helmet
 24755 | Elf:1    | Identified the cursed -2 helmet of Complete Protection {+Inv rN+ Dex+3} (You found it on level 1 of the Elven Halls)
 24915 | Elf:1    | Found Beuptahaat's Antique Weapon Boutique.
 24920 | Elf:1    | Bought a bloodstained flail for 348 gold pieces
 24920 | Elf:1    | Identified the +11 flail of Resourcefulness {antimagic, *Rage rElec rN+ Str+5} (You bought it in a shop on level 1 of the Elven Halls)
 24925 | Elf:1    | Found Vebia's Antique Armour Shop.
 24933 | Elf:1    | Bought an ichor-stained leather armour for 231 gold pieces
 24943 | Elf:1    | Identified the +2 leather armour "Salec" {Str+8} (You bought it in a shop on level 1 of the Elven Halls)
 25176 | Elf:1    | Found Kiqer's Armour Shop.
 25419 | Elf:2    | Reached XP level 17. HP: 114/116 MP: 17/17
 25772 | Elf:2    | Found a huge runed gate.
 25772 | Elf:2    | Found a huge runed gate.
 25775 | Elf:2    | Found a huge runed gate.
 25837 | Elf:2    | Reached XP level 18. HP: 122/122 MP: 18/18
 25993 | Elf:2    | Reached skill level 17 in Fighting
 26009 | Elf:2    | Noticed Wiglaf
 26027 | Elf:2    | Noticed a deep elf blademaster
 26036 | Elf:2    | Killed Wiglaf
 26036 | Elf:2    | Reached skill level 15 in Axes
 26050 | Elf:2    | Killed a deep elf blademaster
 26050 | Elf:2    | Reached skill level 15 in Dodging
 26424 | Elf:3    | Entered Level 3 of the Elven Halls
 26764 | Spider:1 | Noticed trgk's ghost (journeyman MiFi)
 26789 | Spider:1 | Killed trgk's ghost
 26803 | Spider:1 | Blown up by an orb spider

Action                   |  1- 3 |  4- 6 |  7- 9 | 10-12 | 13-15 | 16-18 || total
-------------------------+-------+-------+-------+-------+-------+-------++-------
Melee: Flail             |   117 |   188 |   141 |       |    93 |   107 ||   646
       Whip              |       |       |    49 |       |    45 |       ||    94
       Great mace        |       |       |   197 |       |       |       ||   197
       Battleaxe         |       |       |    24 |   515 |   871 |   689 ||  2099
 Abil: Fly               |       |       |       |       |     1 |       ||     1
Evoke: Wand              |       |       |       |       |     6 |     5 ||    11
  Use: Scroll            |     4 |     3 |    12 |    13 |    11 |     1 ||    44
       Potion            |     1 |       |     3 |     2 |     1 |     9 ||    16
 Stab: Confused          |       |       |       |     1 |       |       ||     1
  Eat: Chunk             |       |     4 |     5 |    12 |    24 |    34 ||    79
       Fruit             |       |     1 |     1 |     8 |    39 |       ||    49
       Beef jerky        |       |     1 |       |     1 |     2 |       ||     4
       Bread ration      |       |       |     3 |       |     2 |     3 ||     8
       Royal jelly       |       |       |       |     1 |     1 |       ||     2
       Pizza             |       |       |       |     1 |     1 |       ||     2
       Meat ration       |       |       |       |       |     2 |     1 ||     3
